 Dungeon Crawl Stone Soup version 0.23-a0-49-gd9f7a49 (webtiles) character file.

19 Amnesiac the Gusty (level 2, -2/19 HPs)
             Began as a Mummy Air Elementalist on Aug 7, 2018.
             Slain by a wight
             ... wielding a +0 mace
              (12 damage)
             ... on level 3 of the Dungeon.
             The game lasted 00:04:53 (2033 turns).

Amnesiac the Gusty (Mummy Air Elementalist)         Turns: 2033, Time: 00:04:53

Health: -2/19      AC:  0    Str: 11    XL:     2   Next: 55%
Magic:  6/6        EV: 12    Int: 14    God:
Gold:   58         SH:  0    Dex: 12    Spells: 6/7 levels left

rFire    x . .     SeeInvis .   a - -1 hand axe (curse)
rCold    + . .     Gourm    .   (no shield)
rNeg     + + +     Faith    .   c - +0 robe
rPois    ∞         Spirit   .   (no helmet)
rElec    .         Reflect  .   (no cloak)
rCorr    .         Harm     .   (no gloves)
MR       .....                  (no boots)
Stlth    ++........             (no amulet)
HPRegen  0.06/turn              f - -2 ring of protection (curse)
MPRegen  0.10/turn              (no ring)

@: about to teleport
A: no food or potions, fire vulnerability, cold resistance 1, negative energy
resistance 3, torment resistance, unbreathing
a: no special abilities


You were on level 3 of the Dungeon.
You were not hungry.

You visited 1 branch of the dungeon, and saw 4 of its levels.

You collected 58 gold pieces.

Inventory:

Hand Weapons
 a - a cursed -1 hand axe (weapon)
Missiles
 b - 2 stones (quivered)
Armour
 c - a +0 robe (worn)
 h - a scarf of spirit shield
Jewellery
 f - a cursed -2 ring of protection (left hand)
Scrolls
 e - a scroll of enchant armour {!r, unknown}


   Skills:
 - Level 1.5 Dodging
 - Level 1.5 Stealth
 + Level 3.0 Spellcasting
 - Level 0.7 Conjurations
 * Level 3.1 Air Magic


You had 6 spell levels left.
You knew the following spells:

 Your Spells              Type           Power        Failure   Level  Hunger
w - Shock                 Conj/Air       #...         10%         1    N/A

Your spell library contained the following spells:

 Spells                   Type           Power        Failure   Level  Hunger
 Magic Dart               Conj           #...         16%         1    N/A
 Conjure Flame            Conj/Fire      #.......     50%         3    N/A
 Lightning Bolt           Conj/Air       #.........   95%         5    N/A
 Slow                     Hex            #.......     32%         2    N/A
 Mephitic Cloud           Conj/Pois/Air  #.......     36%         3    N/A
 Blink                    Tloc           N/A          32%         2    N/A
 Call Imp                 Summ           #.......     32%         2    N/A
 Swiftness                Chrm/Air       #.......     17%         2    N/A
 Airstrike                Air            ##........   52%         4    N/A
 Static Discharge         Conj/Air       #.......     28%         3    N/A

Dungeon Overview and Level Annotations

Branches:
Dungeon (4/15)
 Temple: D:4-7

Altars:
Okawaru
Uskayaw
Xom

Annotations:
D:4 exclusion: adder


Innate Abilities, Weirdness & Mutations

You do not eat or drink.
Your flesh is vulnerable to fire.
You are immune to poison.
Your flesh is cold resistant. (rC+)
You are immune to negative energy. (rN+++)
You are immune to unholy pain and torment.
You can survive without breathing.


Message History

There's nothing to close nearby.
There's nothing to close nearby.
There's nothing to close nearby.
There's nothing to close nearby.
There's nothing to close nearby.
There's nothing to close nearby.
There's nothing to close nearby.
There's nothing to close nearby.
There's nothing to close nearby.
There's nothing to close nearby.
There's nothing to close nearby.
There's nothing to close nearby.
There's nothing to close nearby.
There's nothing to close nearby.
There's nothing to close nearby.
There's nothing to close nearby.
There's nothing to close nearby.
Really read
d - a scroll labeled LESHRY ZUNTANG {!r}?
As you read the scroll labeled LESHRY ZUNTANG {!r}, it crumbles to dust.
You assume a fearsome visage.
Nothing appears to happen.
It was a scroll of fear {!r}.
A wight opens the door.
You close the door.
A wight opens the door.
You close the door.
A wight opens the door.
You close the door.
A wight opens the door.
You close the door.
A wight opens the door.
You close the door.
A wight opens the door.
You close the door.
A wight opens the door.
You close the door.
A wight opens the door.
You close the door.
A wight opens the door.
You close the door.
A wight opens the door.
You close the door.
A wight opens the door.
You close the door.
A wight opens the door.
You close the door.
A wight opens the door.
You close the door.
A wight opens the door.
You close the door.
A wight opens the door.
You close the door.
A wight opens the door.
You close the door.
A wight opens the door.
You close the door.
A wight opens the door.
You close the door.
A wight opens the door.
You close the door.
A wight opens the door.
You close the door.
A wight opens the door.
You close the door.
A wight opens the door.
You close the door.
A wight opens the door.
As you close the door, it creaks loudly!
A wight opens the door.
You close the door.
A wight opens the door.
There's a creature in the doorway!
There's a creature in the doorway!
There's a creature in the doorway!
There's a creature in the doorway!
There's a creature in the doorway!
There's a creature in the doorway!
There's a creature in the doorway!
There's a creature in the doorway!
There's a creature in the doorway!
There's a creature in the doorway!
Really read
g - a scroll labeled FEQAPY GE PIS {!r}?
As you read the scroll labeled FEQAPY GE PIS {!r}, it crumbles to dust.
You feel strangely unstable.
It was a scroll of teleportation {!r}.
The wight closely misses you. The wight hits you with a mace!
The wight hits you with a mace!
Ouch! That really hurt!
You die...

.# ## .## .# #...
..### .# #.g.
....# .#
#..#.#.#.# .#
#..#.#.#.# .#
#..#...#.# .# #..#
#...# ###
.###..###...####.#
..............gz@#
.####.......####.#
.# ###....## ###
## ##.### #.# #.#
#.# #.#


You could see a wight and a hobgoblin.

Vanquished Creatures
  An ooze (D:3)
  2 leopard geckos (D:3)
  An orc (D:3)
  2 bats (D:3)
  A quokka (D:3)
  A ball python (D:2)
  A frilled lizard (D:2)
  A kobold (D:2)
  3 rats (D:3)
13 creatures vanquished.

Notes
Turn   | Place    | Note
-------+----------+-------------------------------------------
     0 | D:1      | Amnesiac the Mummy Air Elementalist began the quest for the Orb.
     0 | D:1      | Reached XP level 1. HP: 13/13 MP: 4/4
     3 | D:1      | You fall through a shaft!
    17 | D:2      | Found a hide-covered altar of Uskayaw.
  1259 | D:3      | Reached XP level 2. HP: 12/19 MP: 5/5
  1756 | D:3      | Found a shimmering altar of Xom.
  1757 | D:3      | Found a shimmering altar of Xom.
  1873 | D:4      | Found an iron altar of Okawaru.
  1889 | D:3      | Noticed a wight
  2033 | D:3      | Slain by a wight

Vault maps used:
D:1:      dpeg_arrival_renting, minmay_tromino_mix6
D:2:      kennysheep_six_static_rooms, nicolae_overflow_crystal_walls,
          first_ration, nicolae_tso_carved_into_rock
D:3:      xom_redecorated, minitemple, chequers_ecumenical_altar_grove
D:4:      grunt_temple_overflow_gold_and_silver, lemuel_crystal_altar,
          old_standard_altar, okawaru_gym_becter

Skill      XL: |  1  2 |
---------------+-------+-----
Air Magic      | 3 |  3.1
Spellcasting   | 3 |  3.0
Dodging        | |  1.5
Stealth        | |  1.5
Conjurations   | |  0.7

Action                   || total
-------------------------++-------
Melee: Unarmed           ||    59
       Hand axe          ||    21
  Use: Scroll            ||     2
 Stab: Sleeping          ||     3
Armor: Robe              ||    20
Dodge: Dodged            ||    65

Table legend:
 A = Spawn XP
 B = Non-spawn XP
 C = Spawn XP percentage of total XP
 D = Spawn monster count
 E = Non-spawn monster count
 F = Spawn count percentage of total count
 G = Total turns spent on level
                    A         B        C        D         E        F      G
               +---------+---------+-------+---------+---------+-------+---------
         Total |       0 |      28 |   0.0 |       0 |      13 |   0.0 |  2033
               +---------+---------+-------+---------+---------+-------+---------
           D:2 |       0 |       3 |   0.0 |       0 |       3 |   0.0 |   384
           D:3 |       0 |      25 |   0.0 |       0 |      10 |   0.0 |  1575
               +---------+---------+-------+---------+---------+-------+---------
